 Dungeon Crawl Stone Soup version 0.28.0-1-gb440e238dd (webtiles) character file.

Game seed: 18253686468332132691

40628 Woods the Summoner (level 14, -2/86 HPs)
             Began as a Kobold Summoner on Feb 26, 2022.
             Was an Initiate of Yredelemnul.
             Slain by an orange demon (11 damage)
             ... summoned by an orc high priest
             ... on level 2 of the Orcish Mines.
             The game lasted 01:09:49 (32314 turns).

Woods the Summoner (Kobold Summoner)               Turns: 32314, Time: 01:09:50

Health: -2/86      AC:  3    Str:  6      XL:     14   Next: 45%
Magic:  6/28       EV: 25    Int: 32 (33) God:    Yredelemnul [......]
Gold:   1813       SH:  0    Dex: 18      Spells: 8/34 levels left

rFire   + + .      SeeInvis +   x - +10 whip "Hycif" {venom, rF+ Int+4 Dex+2}
rCold   + . .      Faith    .   (no shield)
rNeg    . . .      Spirit   .   F - +0 robe of Perpetual Drought {Int+3 SInv}
rPois   .          Reflect  .   (no helmet)
rElec   .          Harm     .   z - scarf {rC+ rF+}
rCorr   .          Rampage  .   V - +0 pair of gloves
Will    +....                   (no boots)
Stlth   +++++.....              (no amulet)
HPRegen 0.24/turn               i - +4 ring of evasion
MPRegen 0.21/turn               t - +6 ring of intelligence

@: hasted, studying Polearms, very quick
A: small, no large weapons, nightstalker 3
a: Renounce Religion, Recall Undead Harvest


You were on level 2 of the Orcish Mines.
You worshipped Yredelemnul.
Yredelemnul was aware of your devotion.
You visited 4 branches of the dungeon, and saw 21 of its levels.
You also visited: Sewer.

You collected 1813 gold pieces.

Inventory:

Hand Weapons
 p - a +2 mace of protection
 x - the +10 whip "Hycif" (weapon) {venom, rF+ Int+4 Dex+2}
   (You found it on level 7 of the Dungeon)

   It poisons the flesh of those it strikes.
   Int:       It affects your intelligence (+4).
   Dex:       It affects your dexterity (+2).
   rF:        It protects you from fire.
Missiles
 q - 8 throwing nets (quivered)
Armour
 a - a +0 robe
 z - a scarf of resistance (worn)
 B - a +0 cloak
 F - the +0 robe of Perpetual Drought (worn) {Int+3 SInv}
   (You found it on level 9 of the Dungeon)

   Int:       It affects your intelligence (+3).
   SInv:      It lets you see invisible.
 Q - a +0 kite shield
 V - a +0 pair of gloves (worn)
Jewellery
 i - a +4 ring of evasion (left hand)
 t - a +6 ring of intelligence (right hand)
 u - a ring of willpower
 E - a ring of see invisible
 L - a ring of resist corrosion
 P - a ring of poison resistance
 T - a ring of fire
 X - a ring of wizardry
Wands
 C - a wand of iceblast (13)
 I - a wand of mindburst (14)
 S - a wand of flame (20)
 W - a wand of charming (2)
Scrolls
 b - 2 scrolls of fear {unknown}
 c - 2 scrolls of noise {unknown}
 e - a scroll of magic mapping
 f - a scroll of enchant armour {unknown}
 h - 2 scrolls of identify
 l - 3 scrolls of vulnerability
 m - 4 scrolls of fog
 n - 4 scrolls of amnesia
 s - 5 scrolls of enchant weapon
 v - 2 scrolls of blinking {unknown}
 w - a scroll of acquirement {unknown}
 y - a scroll of summoning {unknown}
 N - a scroll of silence {unknown}
 R - 3 scrolls of torment
Potions
 d - 5 potions of mutation
 j - 7 potions of curing
 k - a potion of berserk rage
 o - 2 potions of cancellation
 r - 5 potions of might
 D - 2 potions of attraction {unknown}
 G - 4 potions of ambrosia
 H - 2 potions of heal wounds
 J - a potion of lignification {unknown}
 K - a potion of magic {unknown}
 M - a potion of invisibility {unknown}
 O - a potion of resistance {unknown}
 U - a potion of degeneration {unknown}


   Skills:
 + Level 9.6 Fighting
 - Level 5.0 Maces & Flails
 + Level 9.9 Dodging
 - Level 8.0 Stealth
 + Level 10.8 Spellcasting
 - Level 12.0 Summonings
 + Level 7.6 Transmutations
 - Level 4.0 Earth Magic
 - Level 10.0 Invocations


You had 8 spell levels left.
You knew the following spells:

 Your Spells              Type           Power      Damage    Failure   Level
a - Summon Small Mammal   Summ           100%       N/A       1%          1
b - Call Imp              Summ           76%        N/A       1%          2
c - Call Canine Familiar  Summ           76%        N/A       1%          3
d - Summon Guardian Gole  Hex/Summ       54%        N/A       1%          3
e - Summon Lightning Spi  Summ/Air       54%        N/A       2%          4
f - Ignite Poison         Fire/Tmut/Pois 33%        N/A       3%          3
g - Olgreb's Toxic Radia  Pois           17%        N/A       28%         4
h - Statue Form           Tmut/Erth      35%        N/A       36%         6

Your spell library contained the following spells:

 Spells                   Type           Power      Damage    Failure   Level
 Sting                    Tmut/Pois      100%       1d8       1%          1
 Spider Form              Tmut/Pois      41%        N/A       1%          3
 Shock                    Conj/Air       68%        1d7       2%          1
 Ensorcelled Hibernation  Hex/Ice        34%        N/A       4%          2
 Poisonous Vapours        Pois/Air       34%        N/A       4%          2
 Mephitic Cloud           Conj/Pois/Air  17%        N/A       9%          3
 Swiftness                Air            17%        N/A       9%          3
 Leda's Liquefaction      Hex/Erth       15%        N/A       12%         4
 Lee's Rapid Deconstruct  Erth           21%        3d13*     16%         5
 Airstrike                Air            8%         N/A       28%         4
 Anguish                  Hex/Necr       8%         N/A       28%         4
 Freezing Cloud           Conj/Ice/Air   8%         6-21      61%         5
 Lightning Bolt           Conj/Air       8%         1d21      61%         5


Dungeon Overview and Level Annotations

Branches:
Dungeon (12/15)            Temple (1/1) D:4            Lair (6/6) D:10
 Shoals (0/4) Lair:2        Snake (0/4) Lair:4        Slime (0/5) Lair:5
    Orc (2/2) D:11            Elf (0/3) Orc:2         Sewer (visited)

Altars:
Ashenzari
Cheibriados
Dithmenos
Elyvilon
Fedhas
Gozag
Hepliaklqana
Kikubaaqudgha
Makhleb
Nemelex Xobeh
Okawaru
Ru
Sif Muna
Trog
Uskayaw
Vehumet
Wu Jian
Xom
Yredelemnul
Zin
The Shining One
Beogh
Jiyva

Shops:
D:3 *   D:7 (   D:8 *((=   D:11 (

Annotations:
D:11 1 runed translucent door


Innate Abilities, Weirdness & Mutations

You are small and have problems with some larger weapons.
You are completely attuned to the shadows.


Message History

Things that are here:
a +0 club; a +0 ring mail The sixfirhy completely misses you.
Things that are here:
a +0 flail; 2 boomerangs; a +0 plate armour The sixfirhy hits you but does no damage.
The sixfirhy completely misses you. x2
You revert to your normal fleshy form.
Your +0 pair of gloves unmelds from your body.
The +0 robe of Perpetual Drought {Int+3 SInv} unmelds from your body.
The orc high priest no longer looks unusually strong.
Casting: Olgreb's Toxic Radiance (dangerous; 28% risk of failure)
Confirm with . or Enter, or press ? or * to list all spells.
You begin to radiate toxic energy.
The orc high priest is poisoned.
The sixfirhy is poisoned.
The orange demon is poisoned.
The sixfirhy looks even sicker.
The orc high priest completely misses you.
Unknown command.
The orc high priest looks even sicker.
The orange demon looks even sicker.
The orange demon looks even sicker.
Your toxic aura wanes.
The sixfirhy completely misses you.
The orc high priest completely misses you.
The sixfirhy hits you!
* * * LOW HITPOINT WARNING * * *
The sixfirhy shocks you!
* * * LOW HITPOINT WARNING * * *
Casting: Olgreb's Toxic Radiance (dangerous; 28% risk of failure)
Confirm with . or Enter, or press ? or * to list all spells.
You ignite the poison in your surroundings!
The sixfirhy seems to burn from within!!!
You kill the sixfirhy!
The sixfirhy disappears in a puff of smoke!
The orc high priest seems to burn from within!!
The orc high priest is heavily wounded.
The orange demon seems to burn from within!!
The orange demon is severely wounded.
The orc high priest closely misses you. The orange demon stings you from afar!
You die...
Your body rises from the dead as a mindless zombie.

..# .## .## ..# . .....#### .##
#.#.......# .## ##.#.......# ..#
#..........# ..÷.....# .Z#
##..)......###÷..§....#
..########..).).@...##....)....#
...ZZ##.#)#)))))§.o.##...)..)..#
...<.)ZZZ).#....#.4..##)..).).#
)..)))#.#).#....##)))####.)Z.##
....#.###........#.)..##§§§Z.#
....### ##.#.....##...)§§Zo###
..<.# ###......##...§§§## .####
#.....####..§### Z### ##.....#
#####


You could see an orc high priest and an orange demon (summoned).

Vanquished Creatures
  An orc warlord (Orc:1)
  A two-headed ogre (D:12)
  2 orc high priests (Orc:2)
  A slime creature (D:12)
  3 orc knights (Orc:2)
  2 orc sorcerers (Orc:2)
  4 cane toads
  A kobold demonologist (D:10)
  2 rime drakes
  A hornet (D:7)
  A troll (Orc:1)
  3 blink frogs
  3 shadows
  6 yaks
  A wraith (D:11)
  A vampire mosquito (D:12)
  Menkaure (D:6)
  A warg (Orc:2)
  A hell hound (Lair:1)
  3 water moccasins
  14 orc warriors
  A sky beast (D:7)
  A necrophage (D:6)
  An ogre (Orc:2)
  A centaur (D:11)
  7 bullfrogs
  A gnoll sergeant (D:10)
  A scorpion (D:7)
  12 killer bees
  A wight (D:8)
  5 howler monkeys
  A bullfrog zombie (D:6)
  A centaur zombie (D:8)
  A hound (D:5)
  14 orc priests
  2 iguanas
  16 orc wizards
  A killer bee zombie (D:8)
  A gnoll (D:8)
  2 adders
  30 orcs
  2 ball pythons (Sewer)
  3 bats
  3 giant cockroaches (Sewer)
  A jackal (D:2)
  3 quokkas (Sewer)
  4 frilled lizards (Sewer)
  8 kobolds
  3 rats
180 creatures vanquished.

Vanquished Creatures (collateral kills)
  A boulder beetle (D:12)
  2 hydras
  A death knight (D:11)
  3 two-headed ogres
  2 cyclopes
  An oklob plant (D:10)
  An orc sorcerer (Orc:2)
  A manticore (Lair:2)
  A centaur zombie (D:11)
  2 black mambas
  A gargoyle (D:11)
  4 cane toads
  An unseen horror (D:12)
  2 komodo dragons
  A queen bee (D:9)
  A wind drake (Lair:2)
  A polar bear (Lair:3)
  A troll (D:10)
  8 blink frogs
  4 dream sheep (Lair:4)
  2 wraiths
  2 shadows
  A water elemental (D:12)
  A wyvern (Lair:3)
  9 yaks
  2 steam dragons (D:8)
  5 basilisks
  3 vampire mosquitoes (D:12)
  2 wargs (Orc:1)
  An acid dragon (D:10)
  6 nagas (Lair:4)
  4 water moccasins
  A hell hound (Lair:1)
  11 orc warriors
  A black bear (Lair:3)
  An ice beast (D:5)
  5 ogres
  A necrophage (D:4)
  6 centaurs
  A kobold brigand (D:10)
  4 bullfrogs
  A gnoll sergeant (D:8)
  4 killer bees (D:9)
  A water moccasin skeleton (D:4)
  4 howler monkeys
  An electric eel (D:12)
  A jelly (D:8)
  2 hounds
  Crazy Yiuf (D:7)
  A centaur skeleton (D:6)
  3 orc priests
  3 iguanas
  11 orc wizards
  A hound skeleton (D:4)
  A howler monkey zombie (D:8)
  6 gnolls
  10 adders
  A river rat (D:6)
  An ufetubus (D:4)
  An adder skeleton (D:4)
  A worm (D:4)
  3 dart slugs (D:3)
  42 orcs
  8 bats
  11 endoplasms
  8 giant cockroaches
  8 goblins
  12 hobgoblins
  2 jackals (D:2)
  8 kobolds
  6 quokkas
  11 ball pythons
  6 frilled lizards
  3 rats (D:1)
  A bush (Lair:4)
292 creatures vanquished.

Vanquished Creatures (others)
  2 hydras
  2 two-headed ogres
  A skeletal warrior (D:11)
  An orc knight (Orc:1)
  A spectral slime creature (D:12)
  A komodo dragon (D:11)
  A spectral unseen horror (D:12)
  A troll (D:11)
  A blink frog (Lair:2)
  2 wraiths (D:11)
  A spectral polar bear (Orc:1)
  A warg (Orc:1)
  A water moccasin (Lair:2)
  6 orc warriors
  4 vampire mosquito zombies (D:12)
  A centaur (D:6)
  A komodo dragon zombie (D:11)
  A kobold brigand (D:9)
  3 warg zombies (Orc:1)
  2 yak zombies
  3 killer bees (D:9)
  A troll zombie (Orc:1)
  2 centaur zombies (D:11)
  3 bullfrog zombies
  2 orc priests (Orc:2)
  A sky beast zombie (D:7)
  2 killer bee zombies (D:9)
  3 ogre zombies
  2 howler monkey zombies (D:11)
  A gnoll (D:8)
  2 steam dragon zombies (D:8)
  An electric eel zombie (D:12)
  2 adder zombies (Sewer)
  2 kobolds (D:9)
  A ball python zombie (Sewer)
  3 gnoll zombies (D:8)
  3 kobold zombies (D:9)
  75 orc zombies
  24 fungi
  76 plants
243 creatures vanquished.

Grand Total: 715 creatures vanquished

Notes
Turn   | Place    | Note
-------+----------+-------------------------------------------
     0 | D:1      | Woods the Kobold Summoner began the quest for the Orb.
     0 | D:1      | Reached XP level 1. HP: 10/10 MP: 3/3
   374 | D:1      | Reached XP level 2. HP: 13/15 MP: 0/5
   785 | D:1      | Found a faded altar of an unknown god.
   914 | D:1      | Reached XP level 3. HP: 19/19 MP: 4/6
  2301 | D:2      | Learned a level 2 spell: Call Imp
  2305 | D:2      | Learned a level 3 spell: Call Canine Familiar
  2434 | D:2      | Reached XP level 4. HP: 24/24 MP: 4/8
  3989 | D:3      | Reached XP level 5. HP: 27/28 MP: 4/9
  4543 | D:3      | Found Wir Luxe's Assorted Antiques.
  5020 | D:4      | Found a staircase to the Ecumenical Temple.
  5034 | Temple   | Entered the Ecumenical Temple
  5215 | D:4      | Noticed a necrophage
  5272 | D:4      | Reached XP level 6. HP: 5/32 MP: 0/11
  5627 | D:4      | Found a burning altar of Makhleb.
  5697 | D:4      | Found a hazy altar of Hepliaklqana.
  5743 | D:4      | Reached skill level 5 in Stealth
  5748 | D:4      | Reached skill level 5 in Summonings
  5757 | D:4      | Learned a level 3 spell: Summon Guardian Golem
  5788 | D:4      | Killed a necrophage
  5952 | D:4      | Noticed an ogre
  5977 | D:4      | Killed an ogre
  5978 | D:4      | Reached XP level 7. HP: 27/36 MP: 0/13
  6222 | D:4      | Reached skill level 5 in Dodging
  6388 | D:4      | Found a bloodstained altar of Trog.
  6635 | D:5      | Entered Level 5 of the Dungeon
  6695 | D:5      | Found a basalt altar of Yredelemnul.
  6695 | D:5      | Found a blossoming altar of Fedhas.
  6699 | D:5      | Became a worshipper of Yredelemnul the Dark
  6843 | D:5      | Reached * piety under Yredelemnul
  6884 | D:5      | Reached skill level 5 in Spellcasting
  6884 | D:5      | Reached skill level 6 in Summonings
  6997 | D:5      | Reached XP level 8. HP: 32/42 MP: 10/15
  7004 | D:5      | Reached skill level 1 in Fighting
  7281 | D:5      | Found an opulent altar of Gozag.
  7477 | D:5      | Learned a level 4 spell: Summon Lightning Spire
  7537 | D:5      | Found an iron altar of Okawaru.
  7722 | D:5      | Reached ** piety under Yredelemnul
  7802 | D:6      | Reached skill level 7 in Summonings
  7967 | D:6      | Found a shimmering blue altar of Sif Muna.
  8066 | D:6      | Found a glowing drain.
  8170 | Sewer    | Entered a sewer
  8528 | Sewer    | Reached skill level 5 in Fighting
  8861 | Sewer    | Reached skill level 1 in Invocations
  8943 | D:6      | Reached XP level 9. HP: 54/54 MP: 5/16
  9095 | D:6      | Noticed Menkaure
  9104 | D:6      | Killed Menkaure
  9595 | D:7      | Identified the +10 whip "Hycif" {venom, rF+ Int+4 Dex+2}
  9745 | D:7      | Found a snail-covered altar of Cheibriados.
  9778 | D:7      | Noticed a hornet
  9783 | D:7      | Killed a hornet
  9784 | D:7      | Reached skill level 8 in Summonings
  9971 | D:7      | Found Mote's Weapon Shoppe.
 10110 | D:7      | Found a runed translucent door.
 10113 | D:7      | Noticed Crazy Yiuf
 10430 | D:7      | Killed Crazy Yiuf
 10661 | D:8      | Found Ejen Jelooz's Antique Weapon Boutique.
 10676 | D:8      | Found Arybaisk's Weapon Shop.
 10743 | D:8      | Found Errinu Daxky's Jewellery Shop.
 10778 | D:8      | Reached skill level 5 in Invocations
 11439 | D:8      | Noticed a two-headed ogre
 11450 | D:8      | Killed a two-headed ogre
 11451 | D:8      | Reached skill level 9 in Summonings
 11451 | D:8      | Reached XP level 10. HP: 39/59 MP: 9/17
 11744 | D:8      | Found Ikauq's General Store.
 12163 | D:8      | Found a sparkling altar of Nemelex Xobeh.
 12265 | D:9      | Noticed a cyclops
 12284 | D:9      | Killed a cyclops
 12511 | D:9      | Reached skill level 10 in Summonings
 12584 | D:9      | Found an ornate altar of the Wu Jian Council.
 12770 | D:9      | Identified the +0 robe of Perpetual Drought {Int+3 SInv}
 12826 | D:9      | Reached *** piety under Yredelemnul
 13069 | D:9      | Reached **** piety under Yredelemnul
 13476 | D:9      | Reached ***** piety under Yredelemnul
 14095 | D:9      | Reached XP level 11. HP: 63/63 MP: 13/18
 14217 | D:10     | Entered Level 10 of the Dungeon
 14221 | D:10     | Noticed a two-headed ogre
 14231 | D:10     | Killed a two-headed ogre
 14232 | D:10     | Reached skill level 10 in Invocations
 14334 | D:10     | Reached skill level 1 in Maces & Flails
 14470 | D:10     | Noticed an oklob plant
 14498 | D:10     | Found a staircase to the Lair.
 14499 | D:10     | Killed an oklob plant
 15124 | D:10     | Noticed a two-headed ogre
 15131 | D:10     | Killed a two-headed ogre
 16243 | D:11     | Noticed a two-headed ogre
 16252 | D:11     | Killed a two-headed ogre
 16819 | D:11     | Found Legax's Weapon Shoppe.
 17028 | D:11     | Noticed a death knight
 17063 | D:11     | Killed a death knight
 17090 | D:11     | Reached XP level 12. HP: 18/72 MP: 3/22
 17441 | D:11     | Noticed a skeletal warrior
 17471 | D:11     | Killed a skeletal warrior
 17921 | D:11     | Noticed a two-headed ogre
 17967 | D:11     | Killed a two-headed ogre
 18276 | D:11     | Found a staircase to the Orcish Mines.
 18491 | D:11     | Reached skill level 5 in Maces & Flails
 18694 | D:11     | Found a runed translucent door.
 19355 | D:12     | Noticed an ogre mage
 19698 | D:12     | Noticed a centaur warrior
 19828 | D:12     | Noticed a two-headed ogre
 19839 | D:12     | Killed a two-headed ogre
 20174 | D:12     | Noticed a centaur warrior
 20174 | D:12     | Noticed a boulder beetle
 20185 | D:12     | Killed a boulder beetle
 20186 | D:12     | Noticed a yaktaur captain
 20187 | D:12     | Noticed a tengu reaver
 20188 | D:12     | Noticed a vampire knight
 20405 | Lair:1   | Entered Level 1 of the Lair of Beasts
 20471 | Lair:1   | Learned a level 3 spell: Ignite Poison
 20476 | Lair:1   | Learned a level 4 spell: Olgreb's Toxic Radiance
 20529 | Lair:1   | Found a dark tunnel.
 20654 | Lair:1   | Noticed a seven-headed hydra
 20669 | Lair:1   | Killed a seven-headed hydra
 20670 | Lair:1   | Reached skill level 1 in Transmutations
 21356 | Lair:1   | Reached skill level 11 in Summonings
 21444 | Lair:1   | Noticed a five-headed hydra
 21450 | Lair:1   | Killed a five-headed hydra
 21451 | Lair:1   | Reached XP level 13. HP: 62/78 MP: 19/26
 22858 | Lair:2   | Noticed a six-headed hydra
 22867 | Lair:2   | Killed a six-headed hydra
 23359 | Lair:2   | Found a staircase to the Shoals.
 23374 | Lair:2   | Reached skill level 10 in Spellcasting
 23424 | Lair:2   | Noticed a five-headed hydra
 23433 | Lair:2   | Killed a five-headed hydra
 23897 | Lair:2   | Reached ****** piety under Yredelemnul
 24535 | Lair:3   | Reached skill level 5 in Transmutations
 25031 | Lair:3   | Reached skill level 12 in Summonings
 25760 | Lair:4   | Learned a level 6 spell: Statue Form
 26100 | Lair:4   | Reached skill level 1 in Earth Magic
 26904 | Lair:4   | Found a staircase to the Snake Pit.
 27709 | Lair:5   | Found a viscous altar of Jiyva.
 27709 | Lair:5   | Found a staircase to the Slime Pits.
 27726 | Lair:5   | You fall into a shaft and drop 1 floor!
 27726 | Lair:6   | Entered Level 6 of the Lair of Beasts
 28921 | Orc:1    | Entered Level 1 of the Orcish Mines
 28933 | Orc:1    | Reached XP level 14. HP: 58/84 MP: 11/28
 29576 | Orc:1    | Noticed an orc warlord
 29612 | Orc:1    | HP: 4/86 [orc warlord (32)]
 30020 | Orc:1    | Killed an orc warlord
 30399 | Orc:2    | Entered Level 2 of the Orcish Mines
 30954 | Orc:2    | Found a staircase to the Elven Halls.
 32314 | Orc:2    | Slain by an orange demon

Illustrated notes

Levels and vault maps discovered:
D:1:      heliophobic_arrival_dark_side_of_the_moon, layout_basic,
          dreamdust_ecumenical_altar_statues, minmay_misc_feat_rugged,
          minmay_crystal_room
D:2:      wad_crossroads, layout_basic
D:3:      layout_rooms, serial_shops, shop
D:4:      layout_rooms, general_overflow_altar, lemuel_tele_altar,
          trog_hazing_becter, lemuel_crystal_altar,
          minmay_temple_entry_crystal_x, solitary_fountain
D:5:      layout_rooms, grunt_gozag_statues, okawaru_trees_2,
          gammafunk_temple_overflow_elements
D:6:      layout_cave_pools, mainiacjoe_overflow_paths, portal_sewer_entry_a,
          uniq_menkaure
D:7:      layout_gridville, kennysheep_mini, serial_shops,
          nicolae_shop_temple_entry_statues_fountains, uniq_crazy_yiuf_cottage
D:8:      layout_loops_ring, mainiacjoe_overflow_alcove_2, serial_shops, shop,
          nicolae_shop_waterfront, nicolae_shop_stone, shop, grunt_tough_drop
D:9:      layout_roguey, pdpol_wu_jian_five_deadly_venoms,
          ebering_dispersal_statue_hall, minivault_7
D:10:     layout_gridville, dpeg_oklobed_lair, nrook_mini_vaults,
          kennysheep_small_circle
D:11:     layout_layer_cave, erik_orc_2, serial_shops,
          nicolae_shop_hallway_stairs, ebering_ghost_reflecting_pool
D:12:     cross_vault, layout_loops_ring, serial_shops,
          nicolae_shop_temple_entry_statues_fountains, minivault_12
Temple:   cyrus_temple_forest
Lair:1:   layout_cave_pods, enter_volcano_3
Lair:2:   layout_hall_layers, minmay_shoals_entry_beasts, gauntlet_entry_generic
Lair:3:   layout_regular_city, infiniplex_staircase_pool_2
Lair:4:   layout_hall_layers, minmay_snake_entry_guardpost_medium,
          minmay_lindwurm_lava
Lair:5:   layout_misc_corridors, slime_altar_1, serial_bayou_shore_a
Lair:6:   evilmike_catoblepas_cave, layout_cellular_growth,
          ebering_ghost_reflecting_pool, st_stairs_13, grunt_megastairs_2
Orc:1:    layout_diamond_mine, basic_altar
Orc:2:    grunt_orc_tribal_feast, layout_diamond_mine

Skill      XL: |  1  2  3  4  5  6  7  8  9 10 11 12 13 14 |
---------------+-------------------------------------------+-----
Stealth        | 3 4 5 8 |  8.0
Dodging        | 3 4 5 7 8 9 |  9.9
Spellcasting   | 3 4 5 6 9 10 | 10.8
Summonings     | 5 6 7 9 10 11 12 | 12.0
Fighting       | 5 7 8 9 |  9.6
Invocations    | 2 6 9 10 | 10.0
Maces & Flails | 4 5 |  5.0
Transmutations | 2 6 7 |  7.6
Earth Magic    | 2 4 |  4.0

Action                   |  1- 3 |  4- 6 |  7- 9 | 10-12 | 13-15 || total
-------------------------+-------+-------+-------+-------+-------++-------
Melee: Unarmed           |   114 |   113 |     7 |       |       ||   234
       Mace              |       |       |   164 |       |       ||   164
       Punch             |       |       |     4 |     8 |     7 ||    19
       Whip              |       |       |    33 |   296 |   293 ||   622
 Cast: Summon Small Mamm |    73 |    54 |    51 |    69 |    47 ||   294
       Call Imp          |     2 |    28 |    21 |    33 |    17 ||   101
       Call Canine Famil |       |    11 |    27 |    51 |    39 ||   128
       Summon Guardian G |       |       |     4 |    29 |    26 ||    59
       Summon Lightning  |       |       |     1 |     9 |    10 ||    20
       Olgreb's Toxic Ra |       |       |       |       |     7 ||     7
       Ignite Poison     |       |       |       |       |     6 ||     6
       Statue Form       |       |       |       |       |     1 ||     1
Invok: Recall Undead Har |       |       |     1 |    15 |    17 ||    33
       Dark Bargain      |       |       |     1 |       |     1 ||     2
       Bind Soul         |       |       |       |       |     1 ||     1
  Use: Scroll            |       |       |     6 |     7 |     8 ||    21
       Potion            |       |       |       |       |     6 ||     6
 Stab: Sleeping          |     3 |     3 |    11 |     3 |     4 ||    24
       Distracted        |     1 |     2 |     2 |     8 |     6 ||    19
Armor: Robe              |    28 |    24 |    43 |     9 |    13 ||   117
       Skin              |       |       |       |       |    25 ||    25
Dodge: Dodged            |   148 |   132 |   236 |   312 |   391 ||  1219
